 Dungeon Crawl Stone Soup version 0.26-a0-660-gc07710193c (webtiles) character file.

Game seed: 9351916764898080254

16520 dickylongcocking the Tainter (level 12, -3/95 HPs)
             Began as a Formicid Venom Mage on Oct 5, 2020.
             Was a High Priest of Kikubaaqudgha.
             Slain by a two-headed ogre
             ... wielding a +0 giant club
              (13 damage)
             ... on level 1 of the Orcish Mines.
             The game lasted 00:21:02 (15371 turns).

dickylongcocking the Tainter (Formicid Venom Mage) Turns: 15371, Time: 00:21:02

Health: -3/95      AC:  7    Str: 12    XL:     12   Next: 71%
Magic:  3/22       EV: 11    Int: 23    God:    Kikubaaqudgha [*****.]
Gold:   799        SH:  5    Dex: 15    Spells: 3/24 levels left

rFire    . . .     SeeInvis +   y - +3 halberd "Zeyrijas" {vamp, Int+2 Dex+4}
rCold    . . .     Faith    .   c - +0 buckler
rNeg     + . .     Spirit   .   I - +1 ring mail of Immorality {rCorr}
rPois    .         Reflect  .   (helmet unavailable)
rElec    .         Harm     .   (no cloak)
rCorr    +         Rampage  .   (no gloves)
MR       +....                  (no boots)
Stlth    +.........             m - amulet of magic regeneration
HPRegen  0.25/turn              E - ring of positive energy
MPRegen  0.43/turn              (no ring)

@: no status effects
A: permanent stasis, dig shafts and tunnels, four strong arms, antennae 3
a: Dig, Shaft Self, Receive Corpses, Torment, Renounce Religion


You were on level 1 of the Orcish Mines.
You worshipped Kikubaaqudgha.
Kikubaaqudgha was extremely pleased with you.
You visited 3 branches of the dungeon, and saw 15 of its levels.

You collected 1063 gold pieces.
You spent 264 gold pieces at shops.

Inventory:

Hand Weapons
 b - a +0 dagger of venom
 o - a +5 short sword of venom
 r - a +3 quarterstaff
 w - a +0 quarterstaff
 y - the +3 halberd "Zeyrijas" (weapon) {vamp, Int+2 Dex+4}
   (You bought it in a shop on level 5 of the Dungeon)

   It inflicts no extra harm, but heals its wielder when it wounds a living foe.
   It affects your intelligence (+2).
   It affects your dexterity (+4).
Armour
 a - a +0 robe
 c - a +0 buckler (worn)
 i - a +0 tower shield
 l - a +0 ring mail
 F - a +3 leather armour
 I - the +1 ring mail of Immorality (worn) {rCorr}
   (You found it on level 9 of the Dungeon)

   It provides partial protection from all sources of acid and corrosion.
Jewellery
 e - an uncursed ring of poison resistance
 m - an amulet of magic regeneration (around neck)
 E - a ring of positive energy (left hand)
 H - an uncursed amulet of regeneration {unknown}
Wands
 h - a wand of digging (6)
 x - a wand of random effects (38)
 B - a wand of polymorph (7)
 C - a wand of flame (27)
 G - a wand of iceblast (7)
Scrolls
 g - 2 scrolls of immolation
 j - 7 scrolls of enchant weapon
 n - a scroll of identify
 t - a scroll of magic mapping
 u - 2 scrolls of remove curse
 v - 2 scrolls of enchant armour
 z - a scroll of vulnerability
 D - a scroll of fog
Potions
 d - a potion of brilliance
 f - 3 potions of resistance
 k - 3 potions of curing
 p - 12 potions of degeneration
 q - 2 potions of cancellation
 s - 2 potions of ambrosia
 A - a potion of stabbing


   Skills:
 * Level 9.0 Fighting
 * Level 5.0 Polearms
 - Level 7.0 Armour
 - Level 1.7 Dodging
 - Level 2.4 Stealth
 * Level 5.2 Shields
 * Level 6.9 Spellcasting
 * Level 9.6 Necromancy
 - Level 6.5 Transmutations
 - Level 3.0 Fire Magic
 - Level 11.0 Poison Magic


You had 3 spell levels left.
You knew the following spells:

 Your Spells              Type           Power        Failure   Level
a - Sting                 Tmut/Pois      ####         1%          1
b - Dispel Undead         Necr           ######..     3%          4
c - Death Channel         Necr           ######....   41%         6
d - Olgreb's Toxic Radia  Pois           ######..     1%          4
i - Ignite Poison         Fire/Tmut/Pois #####...     2%          3
x - Mephitic Cloud        Conj/Pois/Air  ###.....     11%         3

Your spell library contained the following spells:

 Spells                   Type           Power        Failure   Level
 Pain                     Necr           ####         1%          1
 Sublimation of Blood     Necr           ######....   1%          2
 Vampiric Draining        Necr           ######....   1%          3
 Poisonous Vapours        Pois/Air       ####..       2%          2
 Corpse Rot               Necr/Air       N/A          3%          2
 Magic Dart               Conj           #...         16%         1
 Summon Small Mammal      Summ           #...         16%         1
 Call Imp                 Summ           #.......     24%         2
 Slow                     Hex            #.......     24%         2
 Conjure Flame            Conj/Fire      ##......     26%         3
 Call Canine Familiar     Summ           #.......     43%         3
 Summon Guardian Golem    Hex/Summ       #.......     43%         3
 Animate Dead             Necr           ######....   3%          4
 Excruciating Wounds      Necr           ######....   9%          5
 Summon Ice Beast         Ice/Summ       #.......     83%         4
 Summon Lightning Spire   Summ/Air       #.......     83%         4
 Simulacrum               Ice/Necr       ####......   97%         6
 Blink                    Tloc           Unusable     N/A         2

Dungeon Overview and Level Annotations

Branches:
Dungeon (12/15)            Temple (1/1) D:4            Lair (0/6) D:8
    Orc (2/2) D:11
    Elf: Orc:2

Altars:
Ashenzari
Cheibriados
Dithmenos
Elyvilon
Fedhas
Gozag
Hepliaklqana
Kikubaaqudgha
Makhleb
Nemelex Xobeh
Okawaru
Qazlal
Ru
Sif Muna
Trog
Uskayaw
Vehumet
Wu Jian
Xom
Yredelemnul
Zin
The Shining One

Shops:
D:4 ?   D:5 ((:*


Innate Abilities, Weirdness & Mutations

You cannot be hasted, slowed, berserked, paralysed or teleported.
You can dig through walls and to a lower floor.
Your four strong arms can wield two-handed weapons with a shield.
You have a pair of large antennae on your head. (SInv)


Message History

Unknown command.
Unknown command.
Casting: Olgreb's Toxic Radiance (mildly dangerous; 1% risk of failure)
Confirm with . or Enter, or press ? or * to list all spells.
You don't have enough magic to cast that spell.
Unknown command.
Unknown command.
Unknown command.
The two-headed ogre misses you.
The two-headed ogre hits you with a +0 giant club!!
* * * LOW HITPOINT WARNING * * *
The two-headed ogre looks even sicker.
Your toxic aura wanes.
Okay, then.
Evoke which item? (* to show all) (? for menu, Esc to quit)
Okay, then.
The two-headed ogre misses you.
The two-headed ogre hits you with a +0 giant club!
You die...
Kikubaaqudgha rasps: "You have failed me!
Welcome... death!"

#.......##.##.....
##..##..#..........
#..............#...
#####..#...........#.#
##.##................##
##......##.........#..##
##....#..................
#........................
##.#....@............###.
#...#.#.#O............###
#......#...............#
##.....................#
##.........>.......#..##
##......#.............#
##.....##...........##
###....#......#....#.##
##.##.#................#


You could see a two-headed ogre (fast, very poisoned).

Vanquished Creatures
  An orc warlord (Orc:1)
  2 two-headed ogres (D:11)
  An orc knight (Orc:1)
  2 orc sorcerers (Orc:1)
  A cyclops (Orc:2)
  A gargoyle (D:12)
  2 trolls
  Prince Ribbit (D:5)
  Grinder (D:2)
  2 wraiths
  A vampire (D:11)
  16 yaks
  Eustachio (D:4)
  4 vampire mosquitoes (D:9)
  2 wargs
  A swamp drake (D:11)
  11 orc warriors
  A hornet zombie (D:8)
  2 black bears
  6 ice beasts
  A phantom (D:4)
  10 ogres
  3 sky beasts
  9 centaurs
  2 big kobolds
  9 bullfrogs
  4 scorpions
  10 wights
  7 killer bees
  2 howler monkeys (D:9)
  A bullfrog zombie (D:5)
  10 hounds
  5 jellies
  8 orc priests
  16 orc wizards
  2 bullfrog skeletons
  2 centaur skeletons (D:6)
  3 gnoll shamans
  2 iguanas
  6 worker ants
  2 hound skeletons (D:5)
  A howler monkey zombie (D:5)
  A worker ant zombie (D:11)
  Robin (D:2)
  13 gnolls
  12 adders
  A howler monkey skeleton (D:4)
  3 white imps
  4 ufetubi
  3 oozes
  An adder zombie (D:9)
  An adder skeleton (D:5)
  3 worms
  3 dart slugs
  7 leopard geckos
  68 orcs
  3 ball pythons
  8 bats
  5 giant cockroaches
  18 goblins
  17 hobgoblins
  15 jackals
  12 kobolds
  4 quokkas
  4 frilled lizards
  A quokka skeleton (D:7)
  6 rats
388 creatures vanquished.

Vanquished Creatures (others)
  2 fungi (D:8)
  5 plants (D:8)
7 creatures vanquished.

Grand Total: 395 creatures vanquished

Notes
Turn   | Place    | Note
-------+----------+-------------------------------------------
     0 | D:1      | dickylongcocking the Formicid Venom Mage began the quest
                  | for the Orb.
     0 | D:1      | Reached XP level 1. HP: 13/13 MP: 3/3
   175 | D:1      | Reached XP level 2. HP: 10/19 MP: 5/5
   431 | D:1      | Reached skill level 5 in Poison Magic
   707 | D:1      | Reached XP level 3. HP: 22/24 MP: 6/6
   785 | D:1      | Found a snail-covered altar of Cheibriados.
  1578 | D:2      | Reached skill level 1 in Shields
  1661 | D:2      | Reached XP level 4. HP: 25/30 MP: 7/7
  1721 | D:2      | Noticed Robin
  1760 | D:2      | Killed Robin
  1760 | D:2      | Reached skill level 6 in Poison Magic
  2983 | D:2      | Learned a level 4 spell: Olgreb's Toxic Radiance
  2998 | D:3      | Noticed Grinder
  3049 | D:2      | Killed Grinder
  3049 | D:2      | Reached skill level 7 in Poison Magic
  3049 | D:2      | Reached XP level 5. HP: 13/35 MP: 1/8
  3049 | D:2      | Reached XP level 6. HP: 15/41 MP: 1/9
  3054 | D:2      | Learned a level 3 spell: Ignite Poison
  4284 | D:3      | Reached XP level 7. HP: 42/46 MP: 10/10
  4422 | D:4      | Found Dupa's Magic Scroll Boutique.
  4425 | D:4      | Bought a scroll of enchant weapon for 82 gold pieces
  4425 | D:4      | Bought a scroll of magic mapping for 38 gold pieces
  4562 | D:4      | Reached skill level 8 in Poison Magic
  4682 | D:4      | Found a staircase to the Ecumenical Temple.
  4730 | Temple   | Entered the Ecumenical Temple
  4940 | Temple   | Became a worshipper of Kikubaaqudgha
  4991 | D:4      | Reached skill level 1 in Necromancy
  5020 | D:4      | Noticed Eustachio
  5027 | D:4      | Killed Eustachio
  5027 | D:4      | Reached XP level 8. HP: 46/52 MP: 2/11
  5164 | D:4      | Reached skill level 5 in Armour
  5634 | D:5      | Entered Level 5 of the Dungeon
  5637 | D:5      | Reached skill level 9 in Poison Magic
  5786 | D:5      | Found Anuarr's General Store.
  5789 | D:5      | Found Biseroh's Antique Weapon Emporium.
  5789 | D:5      | Found Raiheonge's Book Emporium.
  5804 | D:5      | Found Rocat's Antique Weapon Emporium.
  5890 | D:5      | Noticed Prince Ribbit
  5898 | D:5      | Killed Prince Ribbit
  6334 | D:5      | Bought a crystal halberd for 144 gold pieces
  6334 | D:5      | Identified the cursed +3 halberd "Zeyrijas" {vamp, Int+2
                  | Dex+4} (You bought it in a shop on level 5 of the Dungeon)
  6467 | D:5      | Reached XP level 9. HP: 47/57 MP: 12/12
  6524 | D:5      | Reached skill level 1 in Fire Magic
  6602 | D:5      | Found a sacrificial altar of Ru.
  6653 | D:5      | Found a sparkling altar of Nemelex Xobeh.
  6889 | D:6      | Reached skill level 10 in Poison Magic
  6928 | D:5      | Learned a level 3 spell: Mephitic Cloud
  7133 | D:5      | Reached * piety under Kikubaaqudgha
  7133 | D:5      | Identified Kikubaaqudgha's Compendium of Evil
                  | (Kikubaaqudgha gifted it to you on level 5 of the Dungeon)
  7133 | D:5      | Received a gift from Kikubaaqudgha
  8077 | D:6      | Reached ** piety under Kikubaaqudgha
  8097 | D:6      | Reached skill level 1 in Fighting
  8106 | D:6      | Reached skill level 5 in Necromancy
  8216 | D:6      | Reached XP level 10. HP: 66/67 MP: 6/13
  8253 | D:6      | Found a shadowy altar of Dithmenos.
  8687 | D:7      | Found an iron altar of Okawaru.
  9232 | D:7      | Reached skill level 11 in Poison Magic
  9501 | D:8      | Reached skill level 5 in Transmutations
  9559 | D:8      | Found a staircase to the Lair.
 10221 | D:9      | Found an opulent altar of Gozag.
 10336 | D:9      | Reached *** piety under Kikubaaqudgha
 10336 | D:9      | Identified Kikubaaqudgha's Volume of Black Rites
                  | (Kikubaaqudgha gifted it to you on level 9 of the Dungeon)
 10336 | D:9      | Received a gift from Kikubaaqudgha
 10338 | D:9      | Reached skill level 5 in Fighting
 10598 | D:9      | Reached XP level 11. HP: 72/80 MP: 0/15
 10727 | D:9      | Got a smoking ring mail
 10737 | D:9      | Identified the cursed +1 ring mail of Immorality {rCorr}
                  | (You found it on level 9 of the Dungeon)
 11080 | D:9      | You fall into a shaft and drop 1 floor!
 11080 | D:10     | Entered Level 10 of the Dungeon
 11268 | D:9      | Learned a level 4 spell: Dispel Undead
 11879 | D:10     | Reached **** piety under Kikubaaqudgha
 12089 | D:10     | Noticed an eight-headed hydra
 12126 | D:10     | You fall into a shaft and drop 2 floors!
 12724 | D:12     | Noticed an eight-headed hydra
 12727 | D:12     | Reached skill level 1 in Polearms
 12814 | D:11     | Noticed a two-headed ogre
 12821 | D:11     | Killed a two-headed ogre
 12821 | D:11     | Reached skill level 5 in Spellcasting
 13269 | D:11     | Noticed a two-headed ogre
 13627 | D:10     | HP: 3/85 [eight-headed hydra (11)]
 13628 | D:10     | You fall into a shaft and drop 1 floor!
 13632 | D:11     | Reached ***** piety under Kikubaaqudgha
 13645 | D:11     | Reached XP level 12. HP: 47/92 MP: 20/20
 13966 | D:11     | Learned a level 6 spell: Death Channel
 14145 | D:11     | Killed a two-headed ogre
 14208 | D:11     | Found a staircase to the Orcish Mines.
 14448 | Orc:1    | Entered Level 1 of the Orcish Mines
 14511 | Orc:1    | Noticed an orc warlord
 14521 | Orc:1    | Noticed a sixfirhy
 14521 | Orc:1    | Killed an orc warlord
 14775 | Orc:1    | Reached skill level 5 in Shields
 15317 | Orc:2    | Entered Level 2 of the Orcish Mines
 15347 | Orc:2    | Reached skill level 5 in Polearms
 15352 | Orc:2    | Noticed an ogre mage
 15353 | Orc:2    | Noticed a two-headed ogre
 15354 | Orc:2    | Noticed an ogre mage
 15361 | Orc:2    | Noticed a two-headed ogre
 15371 | Orc:1    | Slain by a two-headed ogre

Illustrated notes

Levels and vault maps discovered:
D:1:      dpeg_arrival_round_c, layout_basic, cheibriados_altar_1
D:2:      layout_loops_ring, minmay_nonomino_d4, uniq_robin
D:3:      layout_basic, minmay_box_of_dots, uniq_grinder
D:4:      layout_loops_ring, minmay_temple_entry_junction, serial_shops, shop,
          uniq_eustachio
D:5:      layout_cave_pools, nemelex_xobeh_ov_fountains_minmay,
          nicolae_ru_awakened_eye, minmay_shop_grid_forest, uniq_prince_ribbit1
D:6:      cheibrodos_barr_body, layout_basic, grunt_dithmenos_smoke_and_mirrors
D:7:      layout_gridville, okawaru_gym_becter, minmay_holes,
          corexii_item_surrounded_by_moat, minmay_puff
D:8:      layout_loops_ring, dpeg_oklobed_lair
D:9:      layout_loops_ring, nicolae_gozag_seed_capital, evilmike_butchery
D:10:     kennysheep_big_flooded_room, layout_irregular_city,
          minmay_diamond_spiral
D:11:     layout_rooms, erik_orc_1
D:12:     layout_loops_ring, uniq_sonja
Temple:   eino_narrow_crystal_temple
Orc:1:    layout_caves
Orc:2:    st_orc_ogre_mass, layout_caves, ebering_ghost_gozag, rock_pile,
          uniq_jorgrun

Skill      XL: |  1  2  3  4  5  6  7  8  9 10 11 12 |
---------------+-------------------------------------+-----
Poison Magic   | 5 7 8 9 10 11 | 11.0
Shields        | 1 3 5 |  5.2
Armour         | 2 3 4 6 7 |  7.0
Necromancy     | 1 3 5 7 8 9 |  9.6
Fire Magic     | 3 |  3.0
Transmutations | 4 6 |  6.5
Fighting       | 1 5 7 9 |  9.0
Spellcasting   | 5 6 |  6.9
Polearms       | 3 5 |  5.0
Dodging        | |  1.7
Stealth        | |  2.4

Action                   |  1- 3 |  4- 6 |  7- 9 | 10-12 || total
-------------------------+-------+-------+-------+-------++-------
Melee: Dagger            |    79 |   182 |       |       ||   261
       Short sword       |       |    20 |    67 |       ||    87
       Halberd           |       |       |    62 |   103 ||   165
 Cast: Sting             |     3 |    12 |    21 |    18 ||    54
       Olgreb's Toxic Ra |       |     2 |    29 |   107 ||   138
       Ignite Poison     |       |       |    23 |    96 ||   119
       Dispel Undead     |       |       |       |    15 ||    15
       Mephitic Cloud    |       |       |       |     7 ||     7
 Abil: Shaft Self        |       |       |       |     3 ||     3
Evoke: Wand              |       |       |       |     5 ||     5
  Use: Potion            |       |     5 |     2 |     8 ||    15
       Scroll            |       |     4 |     7 |     8 ||    19
 Stab: Sleeping          |     4 |     2 |     2 |     2 ||    10
Armor: Robe              |    13 |       |       |       ||    13
       Ring mail         |     2 |    73 |    58 |    67 ||   200
Dodge: Dodged            |    49 |    97 |   113 |   146 ||   405
Block: Buckler           |       |    29 |    53 |    75 ||   157

Table legend: (Time is in decaauts)
 A = Elapsed time spent in this place.
 B = Non-inter-level travel time spent in this place.
 C = Inter-level travel time spent in this place.
 D = Time resting spent in this place.
 E = Time spent auto-exploring this place.
 F = Levels seen in this place.
 G = Mean time per level.
                   A        B        C        D        E       F      G
               +--------+--------+--------+--------+--------+-----+--------+
         Total |  15474 |  15078 |    396 |   3494 |   8899 |  15 | 1031.6 |
       Dungeon |  14524 |  14139 |    385 |   3452 |   8191 |  12 | 1210.3 |
        Temple |    216 |    211 |      5 |      0 |    179 |   1 |  216.0 |
  Orcish Mines |    733 |    727 |      6 |     42 |    529 |   2 |  366.5 |
               +--------+--------+--------+--------+--------+-----+--------+

Top non-repeatable levels by time:
     D:2: 1737 daAuts
     D:9: 1568 daAuts
     D:4: 1503 daAuts
    D:11: 1466 daAuts
     D:1: 1426 daAuts
     D:6: 1307 daAuts
     D:5: 1282 daAuts
     D:3: 1227 daAuts
     D:8: 930 daAuts
    D:10: 814 daAuts
   Orc:1: 686 daAuts
     D:7: 650 daAuts
    D:12: 607 daAuts
  Temple: 216 daAuts
   Orc:2: 47 daAuts
